Cogmind - Beta 16.1 @@@ ROGUE MODE // 2026.03.27 @ 01:05:32 Player: +Jones Result: Self-destructed Performance ------------- Evolutions (2) 1000 Regions Visited (3) 600 Robots Destroyed (48) 240 Value Destroyed (1031) 1031 Prototype IDs (4) 80 Alien Tech Used (0) 0 Bonus (0) 0 TOTAL SCORE: 2951 Bonus ------- None Cogmind --------- Core Integrity 550/550 Matter 300/300 Energy 100/100 System Corruption 0% Temperature Cool (0) Movement Rolling (95) Ox1 Location -8/Materials Parts ------- > --- POWER (1) -------- (None) > --- PROPULSION (3) --- Light Treads Wheel Wheel > --- UTILITY (3) ------ Large Storage Unit Seismic Detector Hardened Light Armor Plating > --- WEAPON (4) ------- Assault Rifle Assault Rifle Battle Rifle Barrage Gun > --- INVENTORY (15) --- Meta Core Huge Storage Unit High-capacity Matter Pod (200) Seismic Detector Reactive Plating Reactive Plating Reactive Plating Heavy Assault Rifle Heavy Assault Rifle Battle Cannon Battle Cannon Makeshift Hammer Peak State ------------ > --- POWER ------------ (None) > --- PROPULSION ------- Light Treads Light Treads Compact Wheel > --- UTILITY ---------- Large Storage Unit Seismic Detector > --- WEAPON ----------- Subdweller Laser Battle Rifle Barrage Gun Makeshift Hammer > --- INVENTORY -------- Meta Core Huge Storage Unit High-capacity Matter Pod Seismic Detector Assault Rifle Assault Rifle Light Cannon Light Cannon Battle Cannon Battle Cannon [Rating: 18] Favorites ----------- Power Ion Engine Engine Ion Engine Propulsion Light Treads Treads Light Treads Wheel Compact Wheel Utility Seismic Detector Device Seismic Detector Storage Large Storage Unit Protection Light Armor Plating Weapon Assault Rifle Energy Gun Riot Gun Ballistic Gun Assault Rifle Special Weapon Mining Laser Impact Weapon Makeshift Hammer Build | -11 -10 -10 -8 ------- Run | Yrd Mat Sub Mat Slots Evolved 4 | . . . 4 Power . | . . . . Propulsion 1 | . . . 1 Utility 1 | . . . 1 Weapon 2 | . . . 2 Parts Attached 29 | 7 3 12 7 Power 2 | 1 . 1 . Engine 2 | 1 . 1 . Core . | . . . . Reactor . | . . . . Propulsion 8 | 2 . 3 3 Treads 5 | 2 . 2 1 Leg . | . . . . Wheel 3 | . . 1 2 Hover . | . . . . Flight . | . . . . Utility 8 | 2 2 3 1 Device 1 | 1 . . . Storage 3 | 1 2 . . Processor . | . . . . Hackware . | . . . . Protection 4 | . . 3 1 Artifact . | . . . . Weapon 11 | 2 1 5 3 Energy Gun 2 | . . 2 . Energy Cannon . | . . . . Ballistic Gun 7 | 2 . 2 3 Ballistic Cannon . | . . . . Launcher . | . . . . Special Weapon 1 | . 1 . . Impact Weapon 1 | . . 1 . Slashing Weapon . | . . . . Piercing Weapon . | . . . . Special Melee Weapon . | . . . . Unidentified Prototypes . | . . . . Parts Lost 11 | . . 10 1 Power 2 | . . 2 . Propulsion 3 | . . 2 1 Utility 3 | . . 3 . Weapon 3 | . . 3 . Highest Loss Streak 4 | . . 4 1 To Critical Strikes . | . . . . Average Backups 11 | 2 10 13 9 Power . | . . . . Propulsion 2 | . 2 2 . Utility 4 | . 3 5 3 Weapon 4 | . 3 5 4 Tool/Special . | . . . . Unused Backups 16 | . 2 1 13 Power . | . . . . Propulsion . | . . . . Utility 8 | . 1 1 6 Weapon 7 | . 1 . 6 Tool/Special 1 | . . . 1 Average Slot Usage (%) 97 | . 99 96 85 Engine 11 | . 14 12 . Treads 25 | . 27 26 15 Wheel 1 | . . 1 11 Device 11 | . 14 9 9 Storage 13 | . 14 14 9 Protection 2 | . . 3 6 Energy Gun 2 | . . 4 . Ballistic Gun 21 | . 27 12 33 Special Weapon 3 | . . 8 . Impact Weapon 1 | . . 2 1 Peak Build Rating 18 | 7 8 15 18 Average Rating 9 | 5 7 9 16 On Entrance 7 | . 7 8 13 Avg Prop Armor Cover (%) 15 | . . 19 11 Naked Turns . | . . . . Heaviest Build 35 | 15 30 34 35 Greatest Support 40 | 40 40 40 20 Greatest Overweight (x) 3 | . . 1 3 Average Overweight (x) . | . . . 1 Largest Inventory Capacity 15 | 8 15 15 15 Average Capacity 13 | 6 13 15 15 Most Carried 15 | 4 14 15 12 Average Carried 11 | 1 10 13 9 Final Capacity 15 | 8 15 15 15 Final Carried 14 | 4 14 13 12 Class Distribution -------------------- 91% | Mutant 4% | Tank Dominant Class ---------------- Mutant | -10/Materials Mutant | -10/Subcaves Tank | -8/Materials Resources | -11 -10 -10 -8 ----------- Run | Yrd Mat Sub Mat Matter Collected 1831 | 257 718 469 387 Remotely . | . . . . Salvage Created 1540 | 152 640 313 435 Parts 111 | 16 54 16 25 Haulers Intercepted 2 | . 2 . . Recyclers Shooed 1 | . 1 . . Parts Field Recycled . | . . . . Retrieved Matter . | . . . . Parts Self-Destructed 1 | . . 1 . Prevented . | . . . . Parts Restored . | . . . . Kills | -11 -10 -10 -8 ------- Run | Yrd Mat Sub Mat Combat Hostiles Destroyed 26 | . 8 8 10 Melee 1 | . . 1 . Guns 25 | . 8 7 10 Classes Destroyed 13 | 2 8 1 2 Worker 4 | . 2 . 2 Builder 3 | . 3 . . Tunneler 5 | 4 1 . . Hauler 2 | . 2 . . Recycler 2 | 1 1 . . Mechanic 1 | . 1 . . Operator 1 | . 1 . . Watcher 4 | . 3 . 1 Swarmer 7 | . 3 . 4 Grunt 8 | . 5 . 3 Sentry 2 | . . . 2 Hunter 1 | . . . 1 Subdweller 8 | . . 8 . Best Kill Streak 8 | 3 8 1 4 Combat Bots Only 5 | . 5 1 4 Max Kills in Single Turn 2 | 1 1 1 2 Gunslinging 1 | . . . 1 Exploded . | . . . . Melee 1 | . . 1 . Uniques/NPCs Destroyed . | . . . . Combat | -11 -10 -10 -8 -------- Run | Yrd Mat Sub Mat Hostile Shots Fired 101 | . 32 35 34 Missed 21 | . 7 7 7 Hits 80 | . 25 28 27 Projectile 80 | . 25 28 27 AOE 4 | . . 4 . Critical Strikes 5 | . . 4 1 Damage Taken 1565 | . 276 901 388 Core 166 | . 21 145 . Absorbed by Shields . | . . . . Regen/Repaired (Parts) 136 | . 136 . . Core Remaining (%) 66 | 100 . 33 . Volleys Fired 179 | 8 67 83 21 Largest 4 | 2 2 2 4 Hottest 100 | 40 100 100 93 Shots Fired 344 | 16 131 113 84 Gun 289 | 16 129 60 84 Cannon . | . . . . Launcher . | . . . . Special 55 | . 2 53 . Kinetic 276 | 16 129 47 84 Thermal 55 | . 2 53 . Explosive . | . . . . Electromagnetic 13 | . . 13 . Robot Hit Streak 27 | 3 15 27 12 Robot Miss Streak 7 | 1 5 1 7 Penetration Max . | . . . . Secondary Targets 4 | . 2 . 2 Max Gunslinging Chain 1 | . 1 . 1 Shots Hit Robots 196 | 10 84 60 42 Core Hits 83 | 6 35 19 23 Critical Kills 2 | . 1 . 1 Critical Parts Destroyed . | . . . . Critical Strikes 2 | . 1 . 1 Destroy 2 | . 1 . 1 Melee Attacks 4 | . . 4 . Impact 4 | . . 4 . Slashing . | . . . . Piercing . | . . . . Sneak Attacks . | . . . . Combat Hostiles . | . . . . Follow-up Attacks . | . . . . Damage Inflicted 2812 | 124 1071 1059 558 Guns 2587 | 124 1071 834 558 Cannons . | . . . . Explosions 87 | . . 87 . Melee 138 | . . 138 . Ramming . | . . . . Kinetic 2402 | 124 1071 649 558 Thermal 87 | . . 87 . Explosive . | . . . . Electromagnetic 185 | . . 185 . Impact 138 | . . 138 . Slashing . | . . . . Piercing . | . . . . Highest Corruption . | . . . . Average Corruption . | . . . . Corruption Purged . | . . . . Corruption Blocked . | . . . . Overload Shots . | . . . . Overflow Damage 2 | . . 2 . Projectiles . | . . . . Explosions . | . . . . Melee 2 | . . 2 . Knockbacks 2 | . . 2 . Impact 2 | . . 2 . Kinetic . | . . . . Secondary . | . . . . Self-Inflicted Damage 45 | . . 45 . Shots 1 | . . 1 . Rammed . | . . . . Targets Rammed . | . . . . Kicked . | . . . . Crushed . | . . . . Highest Temperature 714 | . 20 714 66 Average Temperature 106 | . 7 375 22 Received Heat Transfer 1149 | . 132 909 108 Effects 13 | . . 13 . Shutdowns 1 | . . 1 . Energy Bleed 1 | . . 1 . Matter Decay 2 | . . 2 . Short Circuit 2 | . . 2 . Damage (minor) 2 | . . 2 . Damage (major) 4 | . . 4 . Damage (core) 1 | . . 1 . Siege Activations . | . . . . Martial Activations . | . . . . Shielding Activations . | . . . . Robots Disrupted . | . . . . Combat Hostiles . | . . . . Robots Corrupted . | . . . . Combat Hostiles . | . . . . Parts Fried . | . . . . Impact Corruptions 1 | . . 1 . Robots Melted . | . . . . Combat Hostiles . | . . . . Parts Melted . | . . . . Heat Transferred 100 | . . 100 . Parts Sabotaged . | . . . . Parts Stolen . | . . . . Parts Stripped . | . . . . Power Chain Reactions 1 | . . 1 . Alert | -11 -10 -10 -8 ------- Run | Yrd Mat Sub Mat Maximum Alert Level . | . . . . Low Security (%) 100 | 100 100 . 100 Level 1 . | . . . . Level 2 . | . . . . Level 3 . | . . . . Level 4 . | . . . . Level 5 . | . . . . High Security . | . . . . Max Security . | . . . . Peak Influence 157 | 10 122 . 157 Initial . | . . . . Average 29 | 1 18 . 93 Influence Increases 625 | 25 304 . 296 Destroy 0b10 Robot/C 360 | . 160 . 200 Destroy 0b10 Robot/NC 110 | 25 70 . 15 Destroy Leader 92 | . 40 . 52 Successful Hack 41 | . 29 . 12 Destroy Structure 7 | . 5 . 2 Lose Combat Pursuer 15 | . . . 15 Influence Decreases 478 | 25 304 . 149 Time Decay 468 | 25 304 . 139 Lost Part 10 | . . . 10 Squads Dispatched 5 | . 1 . 4 Investigation 2 | . . . 2 Extermination . | . . . . Reinforcement 2 | . 1 . 1 Assault . | . . . . Garrison 1 | . . . 1 Intercept . | . . . . Searches Triggered . | . . . . Construction Impeded . | . . . . Haulers Reinforced . | . . . . Active Scanning Responses . | . . . . Cargo Convoy Interrupts . | . . . . Stealth | -11 -10 -10 -8 --------- Run | Yrd Mat Sub Mat Distress Signals 2 | . 2 . . Communications Jammed . | . . . . Distress Signals . | . . . . Times Spotted 41 | . 21 11 9 Peak Tracking Total 7 | . 7 2 3 Tactical Retreats 1 | . . . 1 Traps | -11 -10 -10 -8 ------- Run | Yrd Mat Sub Mat Traps Triggered 2 | . 1 1 . Indirectly . | . . . . Trap Hack Attempts . | . . . . Triggered . | . . . . Disarmed . | . . . . Reprogrammed . | . . . . Reused . | . . . . Traps Extracted . | . . . . Installed . | . . . . Triggered . | . . . . Machines | -11 -10 -10 -8 ---------- Run | Yrd Mat Sub Mat Machines Disabled 1 | . . 1 . Max in Single Turn 1 | . . 1 . Machines Repaired . | . . . . Machines Dismantled . | . . . . Machines Sabotaged . | . . . . Overloaded Fab Kills . | . . . . Hacking | -11 -10 -10 -8 --------- Run | Yrd Mat Sub Mat Machines Accessed 13 | . 9 . 4 Terminals 9 | . 6 . 3 Fabricators . | . . . . Repair Stations 1 | . 1 . . Recycling Units 2 | . 2 . . Scanalyzers . | . . . . Garrison Access 1 | . . . 1 Total Hacks 43 | . 28 . 15 Successful 23 | . 18 . 5 Failed 19 | . 9 . 10 Catastrophic 1 | . . . 1 Database Lockouts 1 | . 1 . . Manual 26 | . 14 . 12 Terminals 33 | . 21 . 12 Fabricators . | . . . . Repair Stations 5 | . 5 . . Recycling Units 2 | . 2 . . Scanalyzers . | . . . . Garrison Access 3 | . . . 3 Terminal Hacks 5 | . 5 . . Record 1 | . 1 . . Robot Analysis 2 | . 2 . . Prototype ID Bank 2 | . 2 . . Fabricator Hacks . | . . . . Repair Station Hacks 4 | . 4 . . Scan Component 2 | . 2 . . Repair 2 | . 2 . . Recycling Unit Hacks 2 | . 2 . . Retrieve Components 2 | . 2 . . Scanalyzer . | . . . . Garrison Access Hacks . | . . . . Unauthorized Hacks 12 | . 7 . 5 Terminals 12 | . 7 . 5 Botnet 2 | . 1 . 1 Operators 2 | . 1 . 1 Skim 8 | . 5 . 3 Fabricators . | . . . . Repair Stations . | . . . . Recycling Units . | . . . . Scanalyzers . | . . . . Garrison Access . | . . . . Data Cores Recovered . | . . . . Used . | . . . . Hacking Detections 9 | . 5 . 4 Full Trace Events 2 | . . . 2 Feedback Events . | . . . . Feedback Blocked . | . . . . Robot Schematics Acquired . | . . . . Robots Built . | . . . . Authchips . | . . . . Time . | . . . . Total Robot Build Rating . | . . . . Part Schematics Acquired . | . . . . Parts Built . | . . . . Authchips . | . . . . Time . | . . . . Total Part Build Rating . | . . . . Part Studies Acquired . | . . . . Parts Repaired 2 | . 2 . . Time 52 | . 52 . . Parts Recycled . | . . . . Recycled Matter . | . . . . Retrieved Matter . | . . . . Retrieved Components 15 | . 15 . . Parts Scanalyzed . | . . . . Part Schematics Acquired . | . . . . Parts Damaged . | . . . . Bothacking | -11 -10 -10 -8 ------------ Run | Yrd Mat Sub Mat Used RIF Installer . | . . . . Robots Hacked . | . . . . Non-combat . | . . . . Combat . | . . . . Robot Hacks Applied . | . . . . Relay Couplers Released . | . . . . Fabnet Peak Effective % . | . . . . Robots Rewired . | . . . . Allies Hacked . | . . . . Hacks Repelled . | . . . . Allies | -11 -10 -10 -8 -------- Run | Yrd Mat Sub Mat Total Allies . | . . . . Largest Group . | . . . . Highest-Rated Group . | . . . . Highest-Rated Ally . | . . . . Total Orders . | . . . . Ally Attacks . | . . . . Total Damage . | . . . . Kills . | . . . . Allies Corrupted . | . . . . Allies Melted . | . . . . Intel | -11 -10 -10 -8 ------- Run | Yrd Mat Sub Mat Active Infowar (turns) 3176 | 71 1651 1116 338 Seismic 3176 | 71 1651 1116 338 Robot Analysis Total 2 | . 2 . . Derelict Logs Recovered 1 | . . 1 . Drone Launches . | . . . . Drone Recoveries . | . . . . Exploration | -11 -10 -10 -8 ------------- Run | Yrd Mat Sub Mat Turns Passed 3741 | 153 1651 1599 338 Spaces Moved 1571 | 70 634 704 163 Core 3 | 3 . . . Treads 1233 | 67 634 532 . Legs . | . . . . Wheels 335 | . . 172 163 Hover . | . . . . Flight . | . . . . Fastest Speed 50 | 50 160 115 95 Average Speed 150 | 155 160 149 115 Slowest Speed 240 | 160 160 240 130 Overloaded Moves . | . . . . Propulsion Burnouts . | . . . . Robots Hopped . | . . . . Potential Cave-ins . | . . . . Cave-ins Triggered . | . . . . Exploration Rate (%) 42 | 4 99 45 20 Regions Visited 3 Branch Regions 1 Pre-discovered Areas 4 | . 3 1 . Known Exits Taken 1 | . . 1 . Unknown Exits Taken 2 | 1 1 . . Scrap Searched 4 | . . 4 . Spaces Dug 12 | . 2 10 . Terrain Destroyed 18 | . 2 16 . Melee . | . . . . Projectile 16 | . 2 14 . AOE 2 | . . 2 . Terrain Rammed . | . . . . Walls Destroyed . | . . . . Machines Disabled . | . . . . Actions | -11 -10 -10 -8 --------- Run | Yrd Mat Sub Mat Total 2511 | 95 1134 1018 264 Wait 658 | 7 410 181 60 Move 1568 | 69 633 703 163 Hop . | . . . . Pick Up 32 | 4 13 10 5 Fast Attach 16 | 7 3 2 4 Attach 13 | . . 9 4 Detach . | . . . . Swap 28 | . 4 22 2 Drop 13 | . 4 4 5 Fire 179 | 8 67 83 21 Melee 4 | . . 4 . Ram . | . . . . Kick . | . . . . Crush . | . . . . Escape Stasis . | . . . . Rewire . | . . . . Trap . | . . . . Miscellaneous . | . . . . Route ------- -11/Scrapyard -10/Materials (discovered 6 exits: [*Mat x3] / [*Min x2] / [*Sub]) -10/Subcaves (discovered 2 exits: *Mat x2) -8/Materials (discovered 2 exits: Fac x2) History --------- Turn | Location | Event 11 | -11/Scrapyard | Discovered new exit (range 15) 154 | -11/Scrapyard | Entered Materials 308 | -10/Materials | Build established: Mutant 538 | -10/Materials | Discovered new exit (range 10) 699 | -10/Materials | Discovered new exit (range 15) 849 | -10/Materials | Discovered new exit (range 6) 1106 | -10/Materials | Central database locked down 1119 | -10/Materials | Discovered new exit (range 7) 1193 | -10/Materials | Discovered new exit (range 11) 1195 | -10/Materials | Learned location of Subcaves (-10) 1276 | -10/Materials | Learned location of Storage (-9) 1314 | -10/Materials | Discovered new exit (range 6) 1361 | -10/Materials | Repaired Lgt. Armor Plating 1388 | -10/Materials | Repaired Lgt. Treads 1466 | -10/Materials | Learned location of 2 exits from Materials 1546 | -10/Materials | Learned Storage security intel 1591 | -10/Materials | Learned Storage trap positions 1717 | -10/Materials | Learned location of Recycling (-9) 1796 | -10/Materials | Learned Storage emergency access door positions 1805 | -10/Materials | Entered Subcaves 1806 | -10/Subcaves | Identified exit to Materials 2104 | -10/Subcaves | Learned location of Zion (-6) 2104 | -10/Subcaves | Met a Zionite searching for "candidates" 2724 | -10/Subcaves | Learned 8 Materials zone layouts 2731 | -10/Subcaves | Shifting Twisted Machinery released Riot Gun 2762 | -10/Subcaves | Shifting Twisted Machinery released Mak. Power Source 3113 | -10/Subcaves | Visited 4L-MR0's lab 3135 | -10/Subcaves | Ambushed by Subdweller buried in earth 3156 | -10/Subcaves | Ambushed by Subdweller buried in earth 3156 | -10/Subcaves | Ambushed by Subdweller buried in earth 3165 | -10/Subcaves | Core integrity fell below 50% 3222 | -10/Subcaves | Found Prototype Power Core 3223 | -10/Subcaves | Lost 4 parts (1p2n1u) 3404 | -10/Subcaves | Entered Materials 3404 | -8/Materials | Evolved 4 slots: Propulsion x1, Utility x1, Weapon x2 3405 | -8/Materials | Identified exit to Factory 3683 | -8/Materials | Garrison activated, responded to threat 3742 | -8/Materials | Self-destructed Last Messages --------------- 03683_ W-25 Informer calls for garrison support. 03683_ ALERT: Activating Garrison Access M001. 03683_ W-25 Informer destroyed. 03688_ K-01 Serf collects debris. 03715_ G-47 Trooper destroyed. 03723_ Acquired 47 matter. 03724_ Acquired 29 matter. 03739_ Connecting with Garrison Access... 03739_ ALERT: Suspicious activity at Garrison Access M001. Dispatching Investigation squad. 03742_ K-01 Serf collects debris. 03742_ Connecting with Terminal... >>Trojan(Skim) Trojan loaded successfully. Testing... Terminal linked with 2 systems. Please expand to 2 more systems! 03742_ ALERT: Suspicious activity at Terminal M012. Dispatching Investigation squad. Map ----- +----------------------------------------------------+ | ????????o ####### # #??????# # | | ???????? #?????### ### #??????# # | | ????????##+############ #?# #??????# # | | ???????? ## #?# #??????# # | | ???????? ## #?# ######## # | | ???????? """ """ """ ## #?# # # # | | ???????? """ """ """ ## #?############### # | | ???????? """ """ """ ## #???????????????#####+#### | | ???????? ## #?????????????????# ## | | ???????? ## #?????????????????# | | ????????########## #### ################### T | | ????????######??????# | | ???????? """ #??????# ########### ## | | ???????? """ #??????# k #?????????## ##? | | ???????? """ #??????# #######??????????# #?# | | ???????? #??????# #????????????????# #?# | | ???????? #????#?# #????????????????# #?# | | ???????? #??? #?# ################## #?# | | ???#######+######+### #?# | | ???# !] #?# | | ???# ] #?# | | ???# """ #?? | | ???# "G" ???????????????? | | ##?# "g" #######????????????????? | | #?# gg a""#????????????????????? | | ### @T"#????????????????????? | | #"" = ""#????????????????????? | | #"T [ ###????????????????????? | | #"" = % #??????????????????????? | | ### *""""" """"""" #??????????????????????? | | #?# """"" """"""" ##?????????????????????? | | #?# """"" """"""" #?????????????????????? | | ### """"""" #?????????????????????? | | ### """"""" ######????????????????? | | [ # ????????????????? | | % # ????????????????? | | [ u # ????????????????? | | ### [ # """ ????????????????? | | ! ## ########## % # """ ????????????????? | | ## # #??# %=**= + """ ????????????????? | | ## # #??# [ %%= # ????????????????? | | ## + #??## ##### # ????????????????? | | ## # #####+##### ######????????????????? | | ## ####### # # ????????????????? | | ## ##????# # # """ ????????????????? | | # #????# # # """ ????????????????? | | # #????# """ # # """ ????????????????? | | ### #???????????????????????? #???????????? | | ??# #???????????????????????? #???????????? | | ??# #???????????????????????? #???????????? | +----------------------------------------------------+ Best States ------------- Heat Dissipation 31 Energy Generation 15 Energy Capacity 250 Matter Stores 300 Matter Capacity 300 Sight Range 16 Terrain Scan Density 10 Armor Coverage 150 Evasion (%) 41 Recoil Reduction 2 Item Schematics ----------------- None Robot Schematics ------------------ None Fabricated ------------ Nothing Repaired ---------- Lgt. Armor Plating | 37% | -10/Materials Lgt. Treads | 42% | -10/Materials Studied --------- None Alien Tech Used ----------------- None Achievements -------------- None Challenges ------------ None Game ------ Seed EfficiencyNetworkedPlating Manual? 0 Play Time 00:24:12 Cumulative 473.3 hours Start 2026.03.27 @ 00:41:46 End 2026.03.27 @ 01:05:32 Sessions 1 Manual Loads 0 Difficulty Rogue Special Mode None Game No. 365 Rogue 365 Adventurer 0 Explorer 0 Win Type - Total 8 Types 6/0/0/0/0/0/0/2/0/0 Lore% 72 Gallery% 72 Achievement% 60 Wizard Run 0 Options --------- Layout 1 ASCII 1 Keyboard 0 Movement Mouse Keybinds 0 Fullscreen 1 Font 32/SmallcapsGlow Map View 50x35 Zoom Use 0% Tactical HUD 1 Map Filters NONE Filters NONE Steam 1 RUN: eed80e9f-af7f-4355-925c-906a0cb3477f